 Dungeon Crawl Stone Soup version 0.18.1-5-g4a78601 (webtiles) character file.

7567 sailingsnail the Blocker (level 10, -6/91 HPs)
             Began as a Minotaur Fighter on May 6, 2016.
             Was a Follower of Qazlal.
             Killed by divine providence
             ... invoked by an orc priest
              (15 damage)
             ... on level 2 of the Orcish Mines on May 9, 2016.
             The game lasted 00:48:59 (10443 turns).

sailingsnail the Blocker (Minotaur Fighter)        Turns: 10443, Time: 00:49:01

Health: -6/91      AC: 15    Str: 19    XL:     10   Next: 97%
Magic:  12/12      EV: 11    Int: 10    God:    Qazlal [*.....]
Gold:   576        SH: 13    Dex: 11    Spells: 2 memorised, 11 levels left

rFire  . . .     SeeInvis .     X - +7 spear "Giusifow" {drain, +Fly rElec Str-4 Int+5}
rCold  . . .     Gourm    +     s - +3 scale mail
rNeg   . . .     Faith    .     c - +0 shield
rPois  .         Spirit   .     (helmet restricted)
rElec  +         Dismiss  .     u - +0 cloak
rCorr  .         Reflect  .     T - +0 pair of gloves
SustAt +         Harm     .     G - +0 pair of boots
MR     .....                    b - amulet of the gourmand
Stlth  +.........               A - +3 ring of slaying
                                B - ring of sustain attributes

@: about to teleport, not resistant to hostile enchantments, very unstealthy
A: retaliatory headbutt, horns 2
a: Renounce Religion, Evoke Flight


You were on level 2 of the Orcish Mines.
You worshipped Qazlal.
Qazlal was aware of your devotion.
You were not hungry.

You visited 3 branches of the dungeon, and saw 12 of its levels.
You also visited: Ossuary.

You collected 576 gold pieces.

Inventory:

Hand Weapons
 g - a +1 war axe of flaming
 P - the +5 flail of the Egg {freeze, Stlth+}
   (You found it on level 7 of the Dungeon)

   It has been specially enchanted to freeze those struck by it, causing extra
   injury to most foes and up to half again as much damage against particularly
   susceptible opponents.
   It can also slow down cold-blooded creatures.
   It makes you more stealthy.
 X - the +7 spear "Giusifow" (weapon) {drain, +Fly rElec Str-4 Int+5}
   (You found it on level 8 of the Dungeon)

   A truly terrible weapon, it drains the life of those it strikes.
   It affects your strength (-4).
   It affects your intelligence (+5).
   It insulates you from electricity.
   It lets you fly.
Missiles
 D - 2 exploding tomahawks (quivered)
 Q - 8 javelins
Armour
 c - a +0 shield (worn)
 s - a +3 scale mail (worn)
 u - a +0 cloak (worn)
 G - a +0 pair of boots (worn)
 T - a +0 pair of gloves (worn)
 V - a steam dragon hide
Jewellery
 b - an amulet of the gourmand (around neck)
 A - a +3 ring of slaying (right hand)
 B - a ring of sustain attributes (left hand)
 H - an uncursed ring of protection from fire
 L - an uncursed amulet of magic regeneration
 U - an uncursed ring of resist corrosion
Wands
 p - a wand of paralysis (16/24)
 I - a wand of digging (16/24)
 M - a wand of confusion (6/48)
 N - a wand of paralysis (15/24)
Scrolls
 a - a scroll of holy word {unknown}
 h - a scroll of fear
 m - 3 scrolls of remove curse
 o - a scroll of enchant armour {unknown}
 t - 2 scrolls of identify
 v - 2 scrolls of magic mapping
 x - 2 scrolls of teleportation
 y - 3 scrolls of fog
 E - 4 scrolls of amnesia
 J - a scroll of vulnerability {unknown}
 K - a scroll of random uselessness
 S - a scroll of blinking {unknown}
Potions
 d - a potion of might
 e - a potion of agility
 j - 7 potions of curing
 k - a potion of berserk rage
 l - a potion of brilliance
 q - a potion of flight
 r - a potion of heal wounds
 z - a potion of resistance {unknown}
 C - a potion of haste
 W - a potion of mutation {unknown}
Books
 n - a book of Changes

   Spells                             Type                      Level
   a - Beastly Appendage              Transmutation                1
   b - Sticks to Snakes               Transmutation                2
   c - Spider Form                    Transmutation/Poison         3
   d - Ice Form                       Ice/Transmutation            4
   e - Blade Hands                    Transmutation                5
 w - a book of Callings

   Spells                             Type                      Level
   a - Summon Small Mammal            Summoning                    1
   b - Call Imp                       Summoning                    2
   c - Call Canine Familiar           Summoning                    3
   d - Summon Guardian Golem          Hexes/Summoning              3
   e - Summon Lightning Spire         Summoning/Air                4
   f - Summon Ice Beast               Ice/Summoning                4
 F - a book of Transfigurations

   Spells                             Type                      Level
   a - Irradiate                      Conjuration/Transmutation    5
   b - Statue Form                    Transmutation/Earth          6
   c - Hydra Form                     Transmutation                6
   d - Dragon Form                    Transmutation                7
 Z - a book of Debilitation

   Spells                             Type                      Level
   a - Corona                         Hexes                        1
   b - Slow                           Hexes                        2
   c - Gell's Gravitas                Hexes/Translocation          3
   d - Inner Flame                    Hexes/Fire                   3
   e - Cause Fear                     Hexes                        4
   f - Leda's Liquefaction            Hexes/Earth                  4
Comestibles
 f - 2 bread rations
 i - 2 meat rations
 O - a fruit
 R - a beef jerky


   Skills:
 * Level 9.3 Fighting
 - Level 6.1(7.4) Axes
 - Level 5.5(6.8) Maces & Flails
 + Level 2.5(4.6) Polearms
 + Level 0.2 Throwing
 + Level 9.1 Armour
 + Level 6.4 Dodging
 - Level 2.2 Stealth
 * Level 9.7 Shields
 * Level 2.0 Spellcasting
 * Level 2.3 Transmutations
 - Level 3.2 Evocations


You had 11 spell levels left.
You knew the following spells:

 Your Spells              Type           Power        Failure   Level  Hunger
a - Beastly Appendage     Trmt           #.....       71%         1    ##.....
b - Corona                Hex            #......      98%         1    ##.....


Dungeon Overview and Level Annotations

Branches:
Dungeon (9/15)             Temple (1/1) D:4             Orc (2/2) D:9
    Elf (0/3) Orc:2
   Lair: D:8-11

Altars:
Ashenzari
Cheibriados
Dithmenos
Elyvilon
Fedhas
Gozag
Kikubaaqudgha
Makhleb
Nemelex Xobeh
Okawaru
Pakellas
Qazlal
Ru
Sif Muna
Trog
Vehumet
Xom
Yredelemnul
Zin
The Shining One

Shops:
Orc:2 ?


Innate Abilities, Weirdness & Mutations

You reflexively headbutt those who attack you in melee.
You have a pair of horns on your head.


Message History

The hellwing swoops through the air toward you!
The hellwing closely misses you. You furiously retaliate!
You headbutt the hellwing!
The hellwing's corpse armour sloughs away.
The hellwing hits you!
The orc knight roars a battlecry!
The orcs go into a battle-frenzy!
You hit the hellwing.
The hellwing is moderately wounded.
The hellwing hits you!
* * * LOW HITPOINT WARNING * * *
You block the hellwing's attack.
Read which item? (? for menu, Esc to quit)
As you read the scroll of teleportation, it crumbles to dust.
You feel strangely unstable.
The orc warrior hits you with a short sword!
* * * LOW HITPOINT WARNING * * *
The orc priest mumbles some strange prayers to Beogh against you.
Beogh smites you!
You die...

............................
............................
...............))...........
................)...).......
................)...........
................##...#......
...............###..###.....
.. .........###4.## #.... ..
.......###@.## #... ..
.....###oo## #.. .. ...#
#oo## #. .. .# #o)## ..
#oo## .. #.o# .. #.oo ..
#...o .. #...#


You could see an orc knight, a hellwing, an orc warrior, 2 orc priests and 6
orcs.

Vanquished Creatures
  An orc high priest (Orc:2)
  An orc knight (D:9)
  2 orc sorcerers (Orc:2)
  The ghost of rutigerpupkin the Covered, a novice GrFi (Ossuary)
  3 trolls
  Sigmund (D:2)
  A wraith (Ossuary)
  A wyvern (D:9)
  A hungry ghost (D:9)
  A steam dragon (D:8)
  A hippogriff (D:8)
  A warg (Orc:2)
  3 sky beasts
  A phantom (D:9)
  4 orc warriors (Orc:2)
  2 ice beasts
  8 ogres
  A centaur (D:9)
  A big kobold (D:6)
  4 giant frogs
  Blork the orc (D:6)
  A wyvern zombie (D:9)
  3 scorpions
  9 killer bees (D:8)
  5 wights (D:5)
  2 crimson imps
  A giant frog zombie (D:4)
  A centaur zombie (D:9)
  2 hounds
  6 orc wizards
  5 orc priests
  A centaur skeleton (D:8)
  Ijyb (D:2)
  Natasha (thrice) (D:4)
  An iguana (D:8)
  3 worker ants
  3 big kobold zombies (Ossuary)
  2 hound skeletons
  3 gnolls (D:8)
  10 adders
  An ooze (D:4)
  3 worms
  6 giant geckos
  23 orcs
  4 bats
  3 giant cockroaches (D:3)
  12 goblins
  8 hobgoblins
  6 jackals
  A quokka (D:8)
  A ball python (D:1)
  4 giant newts
  3 hobgoblin zombies (Ossuary)
  9 kobolds
  3 kobold zombies (Ossuary)
  A quokka skeleton (D:6)
  6 rats
196 creatures vanquished.

Vanquished Creatures (others)
  A kobold zombie (Ossuary)
1 creature vanquished.

Grand Total: 197 creatures vanquished

Notes
Turn   | Place    | Note
--------------------------------------------------------------
     0 | D:1      | sailingsnail the Minotaur Fighter began the quest for the Orb.
     0 | D:1      | Reached XP level 1. HP: 19/19 MP: 0/0
   256 | D:1      | Found a shattered altar of Ashenzari.
   453 | D:1      | Reached XP level 2. HP: 23/27 MP: 1/1
   727 | D:2      | Noticed Sigmund
   954 | D:2      | Noticed Ijyb
   977 | D:2      | Killed Ijyb
   977 | D:2      | Reached XP level 3. HP: 26/33 MP: 2/2
  1097 | D:2      | Reached XP level 4. HP: 32/40 MP: 3/3
  1162 | D:2      | Killed Sigmund
  1162 | D:2      | Reached skill level 5 in Armour
  1162 | D:2      | Reached skill level 1 in Dodging
  1162 | D:2      | Reached XP level 5. HP: 33/47 MP: 4/4
  1368 | D:2      | Reached XP level 6. HP: 53/53 MP: 5/5
  2230 | D:4      | Reached skill level 5 in Shields
  2333 | D:4      | Reached skill level 5 in Fighting
  2397 | D:4      | Reached skill level 1 in Axes
  2397 | D:4      | Reached skill level 1 in Evocations
  2677 | D:4      | Reached XP level 7. HP: 61/61 MP: 6/6
  2684 | D:4      | Found a staircase to the Ecumenical Temple.
  2700 | Temple   | Entered the Ecumenical Temple
  3369 | D:4      | Noticed Natasha
  3379 | D:4      | Killed Natasha
  3524 | D:4      | Noticed Natasha
  3529 | D:4      | Killed Natasha
  3654 | D:4      | Noticed Natasha
  3660 | D:4      | Killed Natasha
  3669 | D:5      | Entered Level 5 of the Dungeon
  3688 | D:5      | Found a shadowy altar of Dithmenos.
  3860 | D:5      | Found a radiant altar of Vehumet.
  4753 | D:6      | Reached XP level 8. HP: 54/70 MP: 8/8
  4797 | D:6      | Noticed Blork the orc
  4805 | D:6      | Killed Blork the orc
  4972 | D:6      | Upgraded the game from 0.18.1-1-g2f07953 to 0.18.1-5-g4a78601
  5486 | D:7      | Reached skill level 5 in Axes
  5493 | D:7      | Found a sand-covered staircase.
  5498 | Ossuary  | Entered an ossuary
  5547 | Ossuary  | Noticed rutigerpupkin's ghost (novice GrFi)
  5559 | Ossuary  | Killed rutigerpupkin's ghost
  6090 | D:7      | Reached XP level 9. HP: 79/79 MP: 10/10
  6164 | D:7      | Got a polished flail
  6176 | D:7      | Identified the +5 flail of the Egg {freeze, Stlth+} (You found it on level 7 of the Dungeon)
  6495 | D:8      | Reached skill level 1 in Stealth
  6547 | D:8      | Reached skill level 5 in Maces & Flails
  6795 | D:8      | Reached skill level 5 in Dodging
  7100 | D:8      | Got a translucent spear
  7101 | D:8      | Identified the +7 spear "Giusifow" {drain, +Fly rElec Str-4 Int+5} (You found it on level 8 of the Dungeon)
  7482 | D:9      | Found a staircase to the Orcish Mines.
  7636 | D:9      | Found a bloodstained altar of Trog.
  7640 | D:9      | Found a snail-covered altar of Cheibriados.
  7643 | D:9      | Found a sacrificial altar of Ru.
  7704 | D:9      | Learned a level 1 spell: Beastly Appendage
  7979 | D:9      | Noticed a troll
  7985 | D:9      | Killed a troll
  8088 | D:9      | Reached XP level 10. HP: 68/88 MP: 11/11
  8476 | D:9      | Found a stormy altar of Qazlal.
  8479 | D:9      | Found a glowing silver altar of Zin.
  8480 | D:9      | Found an opulent altar of Gozag.
  8481 | D:9      | Found a shattered altar of Ashenzari.
  8489 | D:9      | Became a worshipper of Qazlal Stormbringer
  8558 | D:9      | Reached skill level 1 in Spellcasting
  8558 | D:9      | Reached skill level 1 in Transmutations
  8591 | D:9      | Learned a level 1 spell: Corona
  8699 | Orc:1    | Entered Level 1 of the Orcish Mines
  8715 | Orc:1    | Noticed an orc knight
  8743 | D:9      | Killed an orc knight
  8917 | Orc:1    | Reached skill level 1 in Polearms
  9530 | Orc:2    | Entered Level 2 of the Orcish Mines
  9596 | Orc:2    | Noticed an orc sorcerer
  9597 | Orc:2    | Found a staircase to the Elven Halls.
  9598 | Orc:2    | Noticed an orc high priest
  9599 | Orc:2    | Noticed an orc sorcerer
  9603 | Orc:2    | Noticed a sixfirhy
  9605 | Orc:2    | Noticed a rust devil
  9817 | Orc:2    | Paralysed by an orc sorcerer for 2 turns
  9827 | Orc:2    | Killed an orc sorcerer
  9833 | Orc:2    | Killed an orc sorcerer
 10073 | Orc:2    | Killed an orc high priest
 10169 | Orc:2    | Reached * piety under Qazlal
 10424 | Orc:2    | Found Yntiq's Magic Scroll Emporium.
 10435 | Orc:2    | Noticed an orc knight
 10443 | Orc:2    | Killed from afar by an orc priest

Skill      XL: |  1  2  3  4  5  6  7  8  9 10 |
---------------+-------------------------------+-----
Armour         | 4 5 6 7 8 9 |  9.1
Fighting       | 4 5 7 8 9 |  9.3
Maces & Flails | 3 4 5 |  5.5
Shields        | 4 5 6 7 9 |  9.7
Dodging        | 1 2 3 4 5 6 |  6.4
Axes           | 1 3 6 |  6.1
Evocations     | 1 2 3 |  3.2
Stealth        | 2 |  2.2
Spellcasting   | 2 |  2.0
Transmutations | 2 |  2.3
Polearms       | 2 |  2.5
Throwing       | |  0.2

Action                   |  1- 3 |  4- 6 |  7- 9 | 10-12 || total
-------------------------+-------+-------+-------+-------++-------
Melee: Flail             |    81 |    72 |    91 |       ||   244
       Headbutt          |    11 |    23 |    37 |    21 ||    92
       War axe           |       |    44 |   143 |       ||   187
       Spear             |       |       |    19 |   137 ||   156
Evoke: Wand              |       |       |     3 |       ||     3
  Use: Potion            |       |     4 |     4 |     3 ||    11
       Scroll            |       |     7 |    10 |     1 ||    18
 Stab: Paralysed         |       |       |     7 |       ||     7
  Eat: Bread ration      |     1 |     1 |     1 |     1 ||     4
       Chunk             |       |       |    12 |     9 ||    21
       Meat ration       |       |       |     1 |       ||     1
Armor: Scale mail        |    39 |    48 |    98 |    72 ||   257
Dodge: Dodged            |    18 |    41 |    78 |    47 ||   184
Block: Shield            |    30 |    63 |   147 |    91 ||   331
